 Dungeon Crawl Stone Soup version 0.24-a0-434-gd57e52f (webtiles) character file.

Game seed: 7022548463118881134

114 pikmin25 the Ruffian (level 4, -5/35 HPs)
             Began as a Draconian Transmuter on June 15, 2019.
             Slain by an orc warrior
             ... wielding a +0 broad axe
              (8 damage)
             ... on level 3 of the Dungeon.
             The game lasted 00:05:14 (1721 turns).

pikmin25 the Ruffian (Draconian Transmuter)         Turns: 1721, Time: 00:05:15

Health: -5/35      AC:  5    Str: 13    XL:     4   Next: 66%
Magic:  6/7        EV: 12    Int: 14    God:
Gold:   131        SH:  0    Dex: 11    Spells: 6/7 levels left

rFire    . . .     SeeInvis .     - Unarmed
rCold    . . .     Gourm    .   (no shield)
rNeg     . . .     Faith    .   (armour unavailable)
rPois    .         Spirit   .   (helmet restricted)
rElec    .         Reflect  .   (no cloak)
rCorr    .         Harm     .   (no gloves)
MR       .....                  (no boots)
Stlth    +.........             (no amulet)
HPRegen  0.11/turn              (no ring)
MPRegen  0.10/turn              (no ring)

@: no status effects
A: unfitting armour, cold-blooded, AC +5
a: no special abilities


You were on level 3 of the Dungeon.
You were not hungry.

You visited 1 branch of the dungeon, and saw 3 of its levels.

You collected 131 gold pieces.

Inventory:

Missiles
 a - 60 arrows
Jewellery
 j - a +3 ring of protection {unknown}
Scrolls
 d - a scroll of fear {unknown}
 e - a scroll of magic mapping {unknown}
 f - 2 scrolls of amnesia {unknown}
 i - a scroll of random uselessness {unknown}
 k - a scroll of identify {unknown}
Potions
 b - a potion of curing
Comestibles
 c - 2 rations
 h - 4 chunks of flesh


   Skills:
 + Level 1.2 Fighting
 + Level 2.4 Dodging
 * Level 4.3 Unarmed Combat
 + Level 2.4 Spellcasting
 * Level 2.7 Transmutations


You had 6 spell levels left.
You knew the following spells:

 Your Spells              Type           Power        Failure   Level  Hunger
a - Beastly Appendage     Tmut           #.....       8%          1    #......

Your spell library contained the following spells:

 Spells                   Type           Power        Failure   Level  Hunger
 Sticks to Snakes         Tmut           #.......     11%         2    ###....
 Spider Form              Tmut/Pois      #.........   36%         3    ###....
 Ice Form                 Ice/Tmut       #.......     78%         4    #####..
 Blade Hands              Tmut           #.........   90%         5    ######.


Dungeon Overview and Level Annotations

Branches:
Dungeon (3/15)

Altars:
Vehumet


Innate Abilities, Weirdness & Mutations

Your plain brown scales are hard. (AC +5)
You cannot fit into any form of body armour.
You are cold-blooded and may be slowed by cold attacks.


Message History

Your tail-slap misses the orc warrior.
The orc warrior is lightly wounded.
The orc warrior barely misses you.
You hit the orc warrior.
The orc warrior is lightly wounded.
The orc warrior hits you but does no damage.
You closely miss the orc warrior.
Your tail-slap misses the orc warrior.
The orc warrior is lightly wounded.
The orc warrior closely misses you.
You hit the orc warrior but do no damage.
You tail-slap the orc warrior, but do no damage.
The orc warrior is lightly wounded.
You hit the orc warrior but do no damage.
The orc warrior is lightly wounded.
The orc warrior hits you with a +0 broad axe.
* * * LOW HITPOINT WARNING * * *
You barely miss the orc warrior.
The orc warrior is lightly wounded.
The orc warrior hits you with a +0 broad axe!
You die...

..≈≈≈ ≈≈≈≈≈...######.##....#
≈≈≈≈≈≈.....# #.#######
≈≈####.##.###.##
..#####.)..##..##..########
.......))..###.###.........
##.....###)# #.............
#########.# ###...........
######.##.#####...[.......
#........ooo@.............
...####..#.#####...........
#..........#...........
#<.........##..........
...####..........###.........
......†..........# #..#######
...########.###### #... #.#
#.#.# #.#


You could see an orc warrior and 2 orcs.

Vanquished Creatures
  Jessica (D:3)
  An adder (D:2)
  2 oozes
  2 dart slugs
  A leopard gecko (D:2)
  2 orcs (D:3)
  A ball python (D:2)
  6 bats
  2 giant cockroaches
  5 goblins
  4 hobgoblins
  11 jackals
  14 kobolds
  3 frilled lizards (D:2)
  5 rats
60 creatures vanquished.

Notes
Turn   | Place    | Note
-------+----------+-------------------------------------------
     0 | D:1      | pikmin25 the Draconian Transmuter began the quest for the
                  | Orb.
     0 | D:1      | Reached XP level 1. HP: 16/16 MP: 3/3
    55 | D:1      | Reached XP level 2. HP: 16/23 MP: 5/5
   550 | D:1      | Reached XP level 3. HP: 28/28 MP: 4/6
   786 | D:2      | Found a radiant altar of Vehumet.
  1211 | D:2      | Reached skill level 4 in Unarmed Combat
  1551 | D:3      | Noticed Jessica
  1560 | D:3      | Killed Jessica
  1560 | D:3      | Reached XP level 4. HP: 34/35 MP: 5/7
  1694 | D:3      | Noticed an orc warrior
  1721 | D:3      | Slain by an orc warrior

Levels and vault maps discovered:
D:1:      lightli_arrival_flooded_house, layout_rooms
D:2:      layout_loops_ring, lemuel_altar_in_water
D:3:      cheibrodos_thug_alley, layout_rooms, grunt_ministairs_14,
          uniq_natasha, uniq_jessica

Skill      XL: |  1  2  3 |
---------------+----------+-----
Dodging        | 2 |  2.4
Unarmed Combat | 4 |  4.3
Fighting       | |  1.2
Spellcasting   | |  2.4
Transmutations | |  2.7

Action                   |  1- 3 |  4- 6 || total
-------------------------+-------+-------++-------
Melee: Unarmed           |   166 |    38 ||   204
       Tailslap          |    15 |     6 ||    21
       Kick              |     8 |     3 ||    11
       Headbutt          |     2 |     1 ||     3
       Punch             |     1 |     1 ||     2
 Cast: Beastly Appendage |    13 |     4 ||    17
  Use: Potion            |       |     3 ||     3
  Eat: Chunk             |     2 |     1 ||     3
Armor: Skin              |    53 |     9 ||    62
Dodge: Dodged            |   162 |    26 ||   188

Table legend:
 A = Non-vault XP
 B = Vault XP
 C = Vault XP percentage of total XP
 D = Non-vault monster count
 E = Vault monster count
 F = Vault count percentage of total count
                 A         B        C        D         E       F
            +---------+---------+-------+---------+---------+-------
      Total |     110 |      53 |  32.5 |      50 |      10 |  16.7
            +---------+---------+-------+---------+---------+-------
        D:1 |      45 |       0 |   0.0 |      26 |       0 |   0.0
        D:2 |      51 |       0 |   0.0 |      20 |       0 |   0.0
        D:3 |      14 |      53 |  79.1 |       4 |      10 |  71.4
            +---------+---------+-------+---------+---------+-------
